 Dungeon Crawl Stone Soup version 0.31-a0-746-ge8284cb111 (webtiles) character file.

Game seed: 8998432608289168864

28 Ijustatesigmund the Firebug (level 2, -1/24 HPs)
             Began as a Deep Elf Fire Elementalist on Sept 14, 2023.
             Succumbed to an adder's poison
             ... on level 1 of the Dungeon.
             The game lasted 00:02:40 (1256 turns).

Ijustatesigmund the Firebug (DEFE)                  Turns: 1256, Time: 00:02:41

Health: -1/24      AC:  5    Str:  5    XL:     2   Next: 96%
Magic:  2/8        EV: 12    Int: 19    God:
Gold:   30         SH:  0    Dex: 15    Spells: 5/8 levels left

rFire   . . .        c - +0 short sword
rCold   . . .        (no shield)
rNeg    . . .        a - +0 robe
rPois   .            (no helmet)
rElec   .            (no cloak)
rCorr   .            f - +2 pair of gloves
SInv    .            (no boots)
Will    .....        (no amulet) Stlth
                     (no ring)
HPRegen 0.24/turn    (no ring)
MPRegen 0.11/turn

%: no passive effects
@: berserking, lethally poisoned (-1 -> -10), very slightly contaminated, very
quick
A: no striking features
a: no special abilities


You were on level 1 of the Dungeon.
You visited 1 branch of the dungeon, and saw 2 of its levels.

You collected 30 gold pieces.

Inventory:

Hand Weapons
 c - a +0 short sword (weapon)
Armour
 a - a +0 robe (worn)
 f - a +2 pair of gloves (worn)
Jewellery
 g - a +5 ring of evasion
Potions
 b - a potion of magic
 d - a potion of might


   Skills:
 + Level 0.9 Fighting
 - Level 2.4 Dodging
 - Level 2.4 Stealth
 + Level 3.5 Spellcasting
 + Level 1.8 Conjurations
 + Level 3.6 Fire Magic


You had 5 spell levels left.
You knew the following spells:

 Your Spells              Type           Power      Damage    Failure   Level
a - Foxfire               Conj/Fire      52%        2x1d6     4%          1
b - Scorch                Fire           34%        2d6       4%          2

Your spell library contained the following spells:

 Spells                   Type           Power      Damage    Failure   Level
 Inner Flame              Hex/Fire       10%        N/A       21%         3
 Volatile Blastmotes      Fire/Tloc      20%        2d11      21%         3
 Flame Wave               Conj/Fire      13%        2d6       43%         4


Dungeon Overview and Level Annotations

Branches:
Dungeon (2/15)

Altars:

Shops:
D:2 (

Annotations:
D:2 Natasha


Message History

Natasha stares at you and mumbles some strange words.
The magic dart hits you. The adder bites you but does no damage.
The adder barely misses you. The adder completely misses you.
The adder bites you.
You are poisoned.
The adder poisons you!
You climb upwards.
You feel very sick.
There is a stone staircase leading down here.
Casting: Scorch (safe; 4% risk of failure)
Confirm with . or Enter, or press ? or * to list all spells.
You miscast Scorch.
You are very lightly contaminated with residual magic.
Nothing appears to happen.
You feel sick.
The adder is no longer more vulnerable to fire.
The adder bites you.
You are lethally poisoned!
The adder poisons you! The adder bites you but does no damage.
Casting: Scorch (safe; 4% risk of failure)
Confirm with . or Enter, or press ? or * to list all spells.
You conjure some foxfire!
You feel sick. The adder barely misses you.
The adder bites you but does no damage.
* * * LOW HITPOINT WARNING * * *
You feel sick.
The foxfire hits the adder.
The adder is lightly wounded.
The foxfire hits the adder.
The adder is heavily wounded.
The adder misses you.
The adder bites you but does no damage. x2
The adder bites you.
* * * LOW HITPOINT WARNING * * *
You are more poisoned.
The adder poisons you!
A red film seems to cover your vision as you go berserk!
You feel yourself moving faster!
You feel mighty!
* * * LOW HITPOINT WARNING * * *
You feel very sick. The adder barely misses you. x2
You hit the adder.
The adder is heavily wounded.
You die...

######## #######......#
#.......####.#####
#####.#####.####.#...#
#.........#.#........#
#.###.###.#...##.#...# #.# #)#
#.....##.##.## #.# #.#
##...SS..##.# #.# #.#
##..@#####.# #.# #.#####..##
#.# ##.# #........# #.# #..#
########.# #.# #.## ##'## #.#
###.#### ##...## #.# .......#
##.....## #.#######
###.#..#####.......###.......#
###....##...........###......#


You could see 2 adders.

Vanquished Creatures
  A ball python (D:1)
  An endoplasm (D:1)
  3 goblins (D:1)
  5 hobgoblins (D:1)
  4 jackals (D:1)
  2 kobolds (D:1)
  A quokka (D:2)
  2 bats (D:1)
  3 rats (D:1)
22 creatures vanquished.

Vanquished Creatures (others)
  66 foxfires
66 creatures vanquished.

Grand Total: 88 creatures vanquished

Notes
Turn   | Place    | Note
-------+----------+-------------------------------------------
     0 | D:1      | Ijustatesigmund the Deep Elf Fire Elementalist began the
                  | quest for the Orb.
     0 | D:1      | Reached XP level 1. HP: 10/10 MP: 6/6
   171 | D:1      | Reached XP level 2. HP: 10/16 MP: 1/8
   174 | D:1      | Learned a level 2 spell: Scorch
   399 | D:1      | You fall into a shaft and drop 1 floor!
   415 | D:2      | Found Ojehoh's Antique Weapon Boutique.
  1243 | D:2      | Noticed Natasha
  1255 | D:1      | HP: 1/24 [poisoned by an adder]
  1256 | D:1      | Succumbed to an adder's poison

Illustrated notes

Levels and vault maps discovered:
D:1:      eino_arrival_cavern_c, layout_loops_corners,
          minmay_misc_feat_secret_circle, minmay_tetromino_s2
D:2:      layout_basic, hellmonk_ecumenical_altar_leap_of_faith, serial_shops,
          nicolae_shop_hallway_stairs, nicolae_shop_crystal,
          nicolae_shop_hallway_plus, uniq_sigmund, uniq_terence, uniq_natasha

Action                     || total
---------------------------++-------
  Melee: Short sword       ||     2
   Cast: Foxfire           ||    38
         Scorch            ||     5
    Use: Scroll            ||     2
         Potion            ||     1
 Armour: Robe              ||    21
  Dodge: Dodged            ||    12

Table legend: (Time is in decaauts)
 A = Elapsed time spent in this place.
 B = Non-inter-level travel time spent in this place.
 C = Inter-level travel time spent in this place.
 D = Time resting spent in this place.
 E = Time spent auto-exploring this place.
 F = Levels seen in this place.
 G = Mean time per level.
                   A        B        C        D        E       F      G
               +--------+--------+--------+--------+--------+-----+--------+
         Total |   1255 |   1225 |     30 |     29 |   1035 |   2 |  627.5 |
       Dungeon |   1255 |   1225 |     30 |     29 |   1035 |   2 |  627.5 |
               +--------+--------+--------+--------+--------+-----+--------+

Top non-repeatable levels by time:
     D:1: 1223 daAuts
     D:2: 31 daAuts
